Map: Altitude LE

Players

fcSTEAMERS - Winner!

  • Race: Terran Terran
  • League: Gold
  • Spawn Location: 1:00

Hunter

  • Race: Zerg Zerg
  • League: Gold
  • Spawn Location: 7:00

VOD

Have the link to the VOD?

Description

ZERG baneling rush then ultimate revenge LOL

Time

  • Played on: Feb. 4, 2023, 4:19 a.m.
  • Length: 10:53
Show
View Real Time Build Order
Export as new Build Order

fcSTEAMERS Terran - Winner!

Build Orders:  

Get SALT Encoding   

  12  0:01  SCV  
  13  0:15  SCV  
  14  0:28  SCV  
  15  0:43  Supply Depot  
  15  0:48  Refinery  
  15  0:56  Engineering Bay  
  15  1:05  SCV  
  15  1:06  Barracks  
  16  1:12  Supply Depot  
  16  1:17  SCV  
  17  1:22  Refinery  
  17  1:29  SCV  
  18  1:41  SCV  
  19  1:53  SCV  
  20  2:06  Command Center  
  20  2:08  SCV  
  21  2:18  Barracks Tech Lab  
  21  2:21  SCV  
  22  2:33  SCV  
  23  2:37  Factory  
  23  2:45  SCV, Reaper  
  25  2:58  SCV  
  26  3:10  SCV  
  27  3:22  SCV  
  28  3:32  Starport  
  28  3:34  Siege Tank  
  28  3:37  Barracks Reactor  
  28  3:38  SCV  
  32  3:43  Planetary Fortress  
  32  3:55  Planetary Fortress  
  14  4:25  Supply Depot  
  14  4:37  Hellion  
  16  4:57  SCV  
  16  4:58  SCV  
  18  5:01  Starport Reactor  
  18  5:15  Fusion Core  
  18  5:20  SCV  
  19  5:23  SCV  
  20  5:36  SCV  
  21  5:49  SCV  
  22  5:51  SCV  
  23  6:10  Battlecruiser  
  29  6:15  SCV  
  29  6:17  SCV  
  31  6:27  SCV  
  31  6:29  SCV  
  33  6:46  SCV  
  33  6:54  Hellion x2  
  37  6:59  SCV x2  
  39  7:18  Hellion  
  39  7:19  Hellion  
  43  7:36  Supply Depot  
  43  7:40  Hellion  
  45  7:50  SCV  
  46  7:58  Battlecruiser, Hellion  
  54  7:59  Supply Depot  
  54  8:21  Hellion  
  50  8:42  SCV x2  
  50  8:45  Supply Depot  
  48  8:48  Hellion  
  48  8:49  Hellion  
  48  8:54  SCV  
  50  9:01  SCV  
  51  9:06  SCV  
  54  9:10  Hellion  
  54  9:13  SCV  
  55  9:18  SCV  
  56  9:25  SCV  
  56  9:30  SCV  
  58  9:31  Supply Depot  
  58  9:32  Supply Depot  
  58  9:37  SCV  
  59  9:42  SCV  
  60  9:49  SCV  
  61  9:55  SCV  
  62  10:01  SCV  
  63  10:07  SCV  
  63  10:13  SCV  
  65  10:19  SCV  
  66  10:25  SCV  
  67  10:31  SCV  
Show
View Real Time Build Order
Export as new Build Order

Hunter Zerg 

Build Orders: Pool First 

Get SALT Encoding   

  12  0:00  Drone  
  13  0:10  Drone  
  14  0:17  Overlord  
  14  0:36  Drone x3  
  14  0:39  Extractor  
  16  0:48  Drone  
  17  0:53  Spawning Pool  
  16  1:01  Drone  
  17  1:10  Drone  
  18  1:25  Hatchery  
  17  1:34  Drone x2  
  19  1:41  Metabolic Boost  
  19  1:44  Extractor  
  18  1:59  Baneling Nest  
  17  2:10  Queen  
  17  2:11  Drone  
  17  2:12  Drone x2  
  22  2:34  Overlord  
  22  2:37  Queen  
  22  2:39  Zergling x2  
  22  2:42  Zergling x2  
  26  2:46  Zergling x2  
  27  2:56  Zergling x2  
  27  2:57  Zergling x2  
  29  3:09  Zergling x2  
  29  3:10  Zergling x4  
  32  3:21  Zergling x6  
  32  3:22  Zergling x2  
  36  3:28  Baneling x6  
  36  3:53  Zergling x6  
  35  4:00  Overlord  
  35  4:05  Queen  
  35  4:15  Zergling x4  
  35  4:16  Zergling x2  
  32  4:28  Zergling x4  
  32  4:29  Zergling x4  
  33  4:49  Roach Warren  
  33  4:51  Evolution Chamber  
  31  5:00  Lair  
  31  5:12  Drone x3  
  34  5:28  Overlord  
  34  5:32  Spore Crawler  
  32  5:44  Drone, Spore Crawler  
  32  5:45  Drone x4  
  36  5:59  Zerg Ground Armor Level 1  
  36  6:08  Drone x2  
  36  6:09  Drone x2  
  36  6:10  Zergling x2  
  43  6:11  Roach x2  
  43  6:18  Extractor  
  44  6:21  Extractor  
  42  6:46  Nydus Network  
  41  6:50  Glial Reconstitution  
  41  6:53  Roach x4  
  49  7:16  Roach  
  49  7:17  Overlord x2  
  49  7:18  Overlord  
  51  7:32  Overseer  
  51  7:53  Spore Crawler  
  48  8:05  Nydus Canal  
  48  8:10  Zergling x2  
  48  8:11  Zergling x16  
  48  8:12  Zergling x8  
  26  9:07  Overlord  
  26  9:08  Drone x4  
  26  9:30  Spawning Pool  
  20  9:32  Evolution Chamber  
  13  10:00  Roach x8  
  24  10:17  Zergling x4  
Tags
 
League
GoldGold
Matchup
TvZ
Opening
Pool First
Spawn Locations
Cross Positions
Add a new tag
Caveats
  • Supply blocks, unpowered buildings, or Contaminate may cause inaccurate times.
  • Supply counts are checked every 10 seconds.